AoeStats
← Torkum

Black Forest

507760852Analyzed
4v4 RM · 14d ago on Sep 19, 2026· 53m 27s· 8 players
Game mode
Random Map
Map size
Large (8 player)
Population
200
Speed
Normal
Resources
Standard
Victory
Conquest
Starting age
Dark Age
Ending age
Imperial Age
RankedLock teamsTeams togetherTeam positionsShared explorationLock speedFull tech treeHidden civsTurbo modeCheats
Victory
Defeat
🇩🇪 Britons · Germany
1000
+45
🇫🇷 Bohemians · France
986
+15
🇮🇳 Teutons · India
976
+16
🇹🇷 Franks · Türkiye
932
+18
🇨🇴 Celts · Colombia
1012
-18
🇨🇴 Khmer · Colombia
974
-16
🇨🇴 Celts · Colombia
954
-15
🇪🇸 Mongols · Spain
953
-41
jescrina2004
13:15 Feudal Age
24:21 Castle Age
26:04 Double-Bit Axe
26:30 Gold Mining
28:53 Wheelbarrow
36:18 Pikeman
37:51 Bow Saw
38:22 Gold Shaft Mining
37:38 Stone Mining
38:13 Hand Cart
41:41 Imperial Age
43:57 Conscription
45:35 Cavalier
Santi Povs
2:29 Loom
11:43 Feudal Age
16:50 Castle Age
16:33 Double-Bit Axe
21:09 Horse Collar
29:06 Imperial Age
26:24 Town Watch
26:50 Scale Mail Armor
27:42 Wheelbarrow
27:26 Bow Saw
28:22 Chain Mail Armor
28:19 Forging
29:03 Hand Cart
29:16 Heavy Plow
30:50 Chemistry
29:58 Siege Engineers
31:52 Iron Casting
31:45 Siege Engineers
33:41 Blast Furnace
33:12 Plate Mail Armor
32:07 Pikeman
33:34 Heavy Scorpion
35:39 Capped Ram
36:28 Siege Ram
37:28 Halberdier
38:58 Onager
NickyCash
1:56 Loom
15:19 Feudal Age
20:31 Castle Age
20:05 Stone Mining
20:03 Double-Bit Axe
20:01 Horse Collar
30:45 Gold Mining
34:28 Imperial Age
34:14 Wheelbarrow
33:26 Town Watch
33:53 Bow Saw
33:47 Heavy Plow
34:26 Gold Shaft Mining
34:29 Stone Shaft Mining
34:30 Stronghold
35:43 Conscription
36:43 Chemistry
35:55 Fortified Wall
36:23 Hand Cart
36:15 Town Patrol
37:26 Conscription
39:12 Husbandry
38:33 Cavalier
40:50 Scale Barding Armor
40:56 Forging
42:08 Siege Engineers
42:00 Murder Holes
47:02 Caravan
47:27 Heavy Scorpion
El Ogro
0:29 Loom
14:15 Feudal Age
17:00 Castle Age
15:44 Double-Bit Axe
17:41 Wheelbarrow
18:12 Horse Collar
26:29 Heavy Plow
31:23 Hand Cart
34:21 Imperial Age
32:51 Bow Saw
33:23 Caravan
34:22 Bloodlines
34:14 Light Cavalry
35:35 Conscription
34:55 Elite Ballista Elephant
36:37 Hussar
38:32 Forging
38:32 Siege Engineers
39:28 Chemistry
38:49 Ballistics
39:13 Scale Barding Armor
42:03 Chain Barding Armor
42:20 Iron Casting
43:37 Double Crossbow
tosunpaşa
0:29 Loom
14:52 Feudal Age
15:58 Double-Bit Axe
19:35 Wheelbarrow
22:15 Castle Age
20:53 Wheelbarrow
22:19 Gold Mining
22:20 Stone Mining
24:24 Town Watch
26:09 Bow Saw
27:23 Hand Cart
29:26 Town Patrol
30:55 Husbandry
35:26 Imperial Age
34:04 Gold Shaft Mining
33:36 Murder Holes
33:55 Forging
33:51 Scale Barding Armor
35:42 Chain Barding Armor
35:58 Iron Casting
35:32 Cavalier
36:54 Paladin
39:34 Blast Furnace
39:26 Plate Barding Armor
38:59 Chivalry
40:11 Squires
39:37 Pikeman
40:52 Scale Mail Armor
40:19 Halberdier
41:27 Conscription
41:44 Hoardings
41:46 Arson
41:28 Elite Throwing Axeman
42:46 #83
Torkum
4:00 Loom
12:54 Feudal Age
13:37 Double-Bit Axe
18:29 Castle Age
18:28 Gold Mining
20:50 Town Watch
22:47 Horse Collar
27:38 Wheelbarrow
30:44 Imperial Age
28:27 Stone Mining
29:25 Bow Saw
30:33 Fletching
30:45 Padded Archer Armor
30:08 Crossbowman
31:24 Ballistics
30:52 Pikeman
32:05 Bodkin Arrow
32:17 Squires
33:08 Bracer
37:26 Siege Engineers
38:23 Chemistry
41:30 Gold Shaft Mining
41:31 Masonry
43:33 Leather Archer Armor
42:45 Onager
44:18 Heavy Plow
46:02 Conscription
46:39 Illumination
46:32 Block Printing
46:38 Block Printing
49:44 Arbalester
52:16 Town Patrol
Bloups3000
1:34 Loom
12:22 Feudal Age
19:36 Castle Age
20:44 Fletching
22:20 Wheelbarrow
21:35 Double-Bit Axe
21:34 Horse Collar
23:39 Bow Saw
26:53 Hand Cart
27:10 Ballistics
32:28 Imperial Age
30:45 Town Watch
31:42 Coinage
31:14 Caravan
31:42 Bodkin Arrow
31:48 Padded Archer Armor
34:16 Chemistry
33:28 Fortified Wall
33:29 Masonry
33:38 Block Printing
33:20 Herbal Medicine
33:30 Bracer
33:45 Leather Archer Armor
33:54 Conscription
35:25 Hussite Reforms
35:56 Ring Archer Armor
36:09 Heavy Plow
37:12 Houfnice
44:22 Architecture
43:48 Murder Holes
44:10 Elite Hussite Wagon
48:17 Scale Mail Armor
48:27 Forging
47:42 Crossbowman
47:45 Elite Skirmisher
48:08 Treadmill Crane
48:35 Siege Engineers
48:59 Illumination
48:45 Fervor
48:36 Atonement
48:46 Redemption
48:37 Devotion
48:57 Sanctity
48:58 Heresy
49:13 Theocracy
48:49 Wagenburg Tactics
48:18 Sappers
48:51 Squires
48:37 Arson
48:12 Pikeman
48:13 Man-at-Arms
49:46 Guard Tower
49:42 Arrowslits
Clouder
3:33 Loom
10:46 Feudal Age
11:16 Double-Bit Axe
11:42 Horse Collar
18:08 Castle Age
19:45 Bow Saw
24:52 Wheelbarrow
25:47 Gold Mining
30:23 Imperial Age
28:48 Town Watch
30:18 Fletching
30:42 Forging
31:29 Fletching
31:43 Scale Mail Armor
32:08 Conscription
33:32 Ballistics
33:57 Iron Casting
34:58 Block Printing
36:05 Hand Cart
35:54 Heavy Plow
36:58 Two-Man Saw
35:51 Stone Mining
36:36 Elite Teutonic Knight
37:22 Bodkin Arrow
38:30 Blast Furnace
39:41 Crenellations
39:59 Chain Mail Armor
40:57 Elite Teutonic Knight
42:16 Plate Mail Armor
41:10 Elite Teutonic Knight
42:35 Pikeman
43:16 Squires
42:39 Pikeman
43:52 Arson
43:40 Halberdier
43:47 Halberdier
51:42 Stone Shaft Mining
Connection lost

Rejoining the realm…

Still unreachable

The connection could not be restored.

Session expired

The server has moved on; the page needs a fresh start.